 Dungeon Crawl Stone Soup version 0.27.1-33-g824d729ab1 (webtiles) character file.

Game seed: 18024166745286897811

53 zeram the Shield-Bearer (level 3, -1/22 HPs)
             Began as a Deep Elf Fighter on Dec 14, 2021.
             Killed by nerve-wracking pain
             ... invoked by an orc priest
              (13 damage)
             ... on level 2 of the Dungeon.
             The game lasted 00:03:08 (2128 turns).

zeram the Shield-Bearer (Deep Elf Fighter)          Turns: 2128, Time: 00:03:09

Health: -1/22      AC: 10    Str: 13    XL:     3   Next: 64%
Magic:  8/8        EV:  7    Int: 13    God:
Gold:   88         SH:  8    Dex: 14    Spells: 6/6 levels left

rFire    . . .     SeeInvis .   a - +0 rapier
rCold    . . .     Faith    .   c - +0 kite shield
rNeg     . . .     Spirit   .   b - +0 scale mail
rPois    .         Reflect  .   l - +2 hat
rElec    .         Harm     .   (no cloak)
rCorr    .         Rampage  .   h - +1 pair of gloves
Will     .....                  (no boots)
Stlth    ..........             (no amulet)
HPRegen  0.07/turn              (no ring)
MPRegen  0.11/turn              (no ring)

@: mighty
A: no striking features
a: no special abilities


You were on level 2 of the Dungeon.
You visited 1 branch of the dungeon, and saw 2 of its levels.

You collected 88 gold pieces.

Inventory:

Hand Weapons
 a - a +0 rapier (weapon)
Missiles
 i - 38 stones (quivered)
Armour
 b - a +0 scale mail (worn)
 c - a +0 kite shield (worn)
 h - a +1 pair of gloves (worn)
 l - a +2 hat (worn)
Jewellery
 f - an amulet of magic regeneration
 m - an amulet of regeneration
Scrolls
 g - a scroll of teleportation
Potions
 e - a potion of mutation {unknown}
 j - a potion of curing {unknown}
 k - a potion of heal wounds {unknown}


   Skills:
 - Level 2.4 Fighting
 - Level 2.0 Short Blades
 - Level 2.4 Armour
 * Level 2.1 Dodging
 + Level 3.0 Shields
 * Level 2.1 Spellcasting


You had 6 spell levels left.
You didn't know any spells.
Your spell library was empty.

Dungeon Overview and Level Annotations

Branches:
Dungeon (2/15)

Altars:

Shops:
D:2 (


Message History

You kill the rat!
You see here a dart slug corpse.
Key pressed, stopping explore.
m - an amulet of regeneration An orc comes into view.
It is wielding a +0 flail.
The orc shouts!
You hear a shout!
An orc priest comes into view. It is wielding a +0 club.
An orc comes into view. It is wielding a +0 flail.
The orc priest shouts!
You hear a bark!
There are monsters nearby!
An orc and an orc wizard come into view.
The orc wizard shouts!
The orc shouts!
The orc throws a boomerang.
You block the boomerang.
A jackal comes into view.
Found a stone staircase leading down.
The orc priest barely misses you.
Your scale mail prevents you from hitting the orc priest.
The jackal bites you but does no damage.
The orc priest hits you but does no damage.
The jackal closely misses you.
The orc priest hits you but does no damage.
Unknown command.
You hit the orc priest.
The orc priest is lightly wounded.
The jackal bites you. x2; You block the orc's attack.
The orc priest barely misses you.
Unknown command.
You hit the orc priest but do no damage.
The orc priest is lightly wounded.
You block the jackal's attack. You block the orc's attack.
The orc hits you with a +0 flail! You block the orc priest's attack.
The jackal bites you but does no damage.
Unknown command.
You feel very mighty all of a sudden.
A jackal comes into view.
You block the jackal's attack. The orc hits you but does no damage.
The orc priest calls down the wrath of Beogh upon you.
Pain shoots through your body!
Ouch! That really hurt!
You die...

≈≈≈*≈****≈*###** #.#####.
*≈**≈**≈***#...###########.#####.
≈≈*≈≈,,,*###...#..............#.≈
,********#.......###..##.#.##.#≈≈
,,* #.......* #..##.#......P ,,*
#......o###..##.###...#. ,,*
**#..........##.#....... ,,*
###...o##.......#.###.## ,,******
#.....h@oo...####.#..... ,,,,,,,*
#h##>##o######* #.#.....
,,,***,***,*,,*#.#,,,,,* #.......
,,,,,,,,,,,,,,,#.#,,,,,* #.#...>.
,,,,,,,,,*,,,,,...,,,,,* #.#.....
,,,,,,,,,**,,,*###<,,,,* #.###.##
...,,,,****,,** *,,,,,* #.......
..#***** *,** ******* *#..##.#
..# ***,**** ##.##.#


You could see an orc priest, 3 orcs and 2 jackals.

Vanquished Creatures
  An adder (D:2)
  2 worms
  2 dart slugs
  5 endoplasms
  2 giant cockroaches (D:1)
  A goblin (D:1)
  3 hobgoblins (D:1)
  A jackal (D:2)
  A quokka (D:1)
  4 ball pythons
  2 bats
  3 kobolds (D:1)
  7 rats
34 creatures vanquished.

Vanquished Creatures (others)
  29 plants
29 creatures vanquished.

Grand Total: 63 creatures vanquished

Notes
Turn   | Place    | Note
-------+----------+-------------------------------------------
     0 | D:1      | zeram the Deep Elf Fighter began the quest for the Orb.
     0 | D:1      | Reached XP level 1. HP: 13/13 MP: 3/3
    96 | D:1      | Reached skill level 1 in Dodging
   379 | D:1      | Reached skill level 1 in Spellcasting
   387 | D:1      | Reached XP level 2. HP: 16/18 MP: 5/5
   749 | D:1      | Found a faded altar of an unknown god.
  1366 | D:1      | Reached XP level 3. HP: 17/22 MP: 7/7
  1817 | D:2      | Found Fuqaimop's Antique Weapon Shop.
  1923 | D:2      | Reached skill level 3 in Shields
  2128 | D:2      | Killed from afar by an orc priest

Illustrated notes

Levels and vault maps discovered:
D:1:      saegor_arrival_simple_c, layout_basic, serial_rivers,
          chequers_serial_rivers_large_b, chequers_serial_rivers_small_b,
          chequers_serial_rivers_marsh, chequers_serial_rivers_marsh,
          chequers_serial_rivers_micro_a, chequers_serial_rivers_large_a,
          shapermc_ecumenical_altar_mp_ritualfount
D:2:      layout_loops_cross, serial_bayou, serial_bayou_lake_a,
          serial_bayou_lagoon_a, serial_bayou_pond_b, serial_bayou_pond_e,
          serial_shops, nicolae_diamond_shop, st_stairs_3, minmay_pentomino_r4

Skill      XL: |  1  2  3 |
---------------+----------+-----
Dodging        | 1 2 |  2.1
Spellcasting   | 1 2 |  2.1
Shields        | 3 |  3.0
Fighting       | |  2.4
Short Blades   | |  2.0
Armour         | |  2.4

Action                   || total
-------------------------++-------
Melee: Rapier            ||   135
  Use: Scroll            ||     3
       Potion            ||     1
Armor: Scale mail        ||    84
Dodge: Dodged            ||    41
Block: Kite shield       ||    60
